| TOP OF THE 1ST |
|
Calgary Flames batting - Pitching for Miami Beach Marlins : RHP Jamie Rappoport
|
|
Pitching: RHP Jamie Rappoport
|
|
|
Batting: LHB Garrett Dodge
|
0-0: Foul Ball, location: 2F 0-1: Called Strike 0-2: Ball 1-2: Strikes out swinging
|
|
Batting: RHB Andre Thompson
|
0-0: Ball 1-0: Called Strike 1-1: Ball 2-1: Ball 3-1: Swinging Strike 3-2: Fly out, F7 (Flyball, 7, EV 98.1 MPH)
|
|
Batting: RHB Norinaga Yamakawakamatsu
|
0-0: Called Strike 0-1: Ball 1-1: SINGLE (Line Drive, 34D, EV 95.6 MPH)
|
|
Batting: LHB Gary Corrales
|
Pickoff Throw to First - Out! 1-3 CS
|
| Top of the 1st over - 0 runs, 1 hit, 0 errors, 0 left on base; Calgary 0 - Miami Beach 0 |
| BOTTOM OF THE 1ST |
|
Miami Beach Marlins batting - Pitching for Calgary Flames : RHP Nick Munk
|
|
Pitching: RHP Nick Munk
|
|
|
Batting: LHB Luis Ortegon
|
0-0: Hit by Pitch
|
|
Batting: RHB Corbin Chauvin
|
0-0: Called Strike 0-1: Called Strike 0-2: Strikes out swinging
|
|
Batting: RHB Torquato Uso
|
0-0: Ball 1-0: Ball 2-0: 2-RUN HOME RUN (Flyball, 7D, EV 96.2 MPH), Distance : 397 ft
|
|
Batting: SHB Emmet Brickowski
|
0-0: Ball 1-0: Called Strike 1-1: Foul Ball, location: 2F 1-2: Ball 2-2: Reached on error, E4 (Groundball, 4, EV 108.8 MPH)
|
|
Batting: RHB Orlando Melendres
|
0-0: Called Strike 0-1: Ball 1-1: Ball 2-1: Called Strike 2-2: Ball 3-2: Foul Ball, location: 2F 3-2: Strikes out swinging Emmet Brickowski is caught stealing 2nd base 2-4 Batter strikes out.
|
| Bottom of the 1st over - 2 runs, 1 hit, 1 error, 0 left on base; Calgary 0 - Miami Beach 2 |
| TOP OF THE 2ND |
|
Calgary Flames batting - Pitching for Miami Beach Marlins : RHP Jamie Rappoport
|
|
Batting: LHB Gary Corrales
|
0-0: Foul Ball, location: 2F 0-1: Ball 1-1: Ground out 5-3 (Groundball, 56S, EV 86.2 MPH)
|
|
Batting: LHB Ben Landry
|
0-0: Called Strike 0-1: Ground out 4-3 (Groundball, 4, EV 88.8 MPH)
|
|
Batting: RHB Peter Frankel
|
0-0: Swinging Strike 0-1: Swinging Strike 0-2: Strikes out swinging
|
| Top of the 2nd over - 0 runs, 0 hits, 0 errors, 0 left on base; Calgary 0 - Miami Beach 2 |
| BOTTOM OF THE 2ND |
|
Miami Beach Marlins batting - Pitching for Calgary Flames : RHP Nick Munk
|
|
Batting: RHB Josh Jones
|
0-0: Fly out, F2 (Popup, 23F, EV 91.9 MPH)
|
|
Batting: RHB Chris Harlow
|
0-0: Ground out 1-3 (Groundball, 34S, EV 68.8 MPH)
|
|
Batting: LHB Henry Huezo
|
0-0: Ball 1-0: Ball 2-0: Fly out, F8 (Line Drive, 8LM, EV 96.9 MPH)
|
| Bottom of the 2nd over - 0 runs, 0 hits, 0 errors, 0 left on base; Calgary 0 - Miami Beach 2 |
| TOP OF THE 3RD |
|
Calgary Flames batting - Pitching for Miami Beach Marlins : RHP Jamie Rappoport
|
|
Batting: RHB Chad Stady
|
0-0: Ball 1-0: Swinging Strike 1-1: SOLO HOME RUN (Flyball, 7LD, EV 96.9 MPH), Distance : 361 ft
|
|
Batting: RHB Tyler Johnson
|
0-0: Ball 1-0: Ball 2-0: Swinging Strike 2-1: Fly out, F9 (Line Drive, 89M, EV 95.0 MPH)
|
|
Batting: RHB Juan Mercado
|
0-0: Ball 1-0: Ground out 3-1 (Groundball, 34, EV 104.4 MPH)
|
|
Batting: LHB Garrett Dodge
|
0-0: Ball 1-0: Called Strike 1-1: Foul Ball, location: 2F 1-2: Ball 2-2: Foul Ball, location: 2F 2-2: Foul Ball, location: 2F 2-2: Foul Ball, location: 2F 2-2: Strikes out looking
|
| Top of the 3rd over - 1 run, 1 hit, 0 errors, 0 left on base; Calgary 1 - Miami Beach 2 |
| BOTTOM OF THE 3RD |
|
Miami Beach Marlins batting - Pitching for Calgary Flames : RHP Nick Munk
|
|
Batting: RHB Hektor Luvian
|
0-0: Ball 1-0: Ball 2-0: Foul Ball, location: 2F 2-1: Swinging Strike 2-2: Strikes out swinging
|
|
Batting: LHB Luis Ortegon
|
0-0: Ground out 3-1 (Groundball, 34, EV 108.8 MPH)
|
|
Batting: RHB Corbin Chauvin
|
0-0: Foul Ball, location: 2F 0-1: Fly out, F4 (Popup, 34S, EV 86.9 MPH)
|
| Bottom of the 3rd over - 0 runs, 0 hits, 0 errors, 0 left on base; Calgary 1 - Miami Beach 2 |
| TOP OF THE 4TH |
|
Calgary Flames batting - Pitching for Miami Beach Marlins : RHP Jamie Rappoport
|
|
Batting: RHB Andre Thompson
|
0-0: Ball 1-0: Called Strike 1-1: Ball 2-1: Ground out U3 (Groundball, 34S, EV 88.1 MPH)
|
|
Batting: RHB Norinaga Yamakawakamatsu
|
0-0: DOUBLE (Line Drive, 7LD, EV 104.4 MPH)
|
|
Batting: LHB Gary Corrales
|
0-0: Ball 1-0: 2-RUN HOME RUN (Line Drive, 89XD, EV 116.2 MPH), Distance : 436 ft
|
|
Batting: LHB Ben Landry
|
0-0: Ball 1-0: Fly out, F8 (Flyball, 8RM, EV 96.2 MPH)
|
|
Batting: RHB Peter Frankel
|
0-0: Called Strike 0-1: Ball 1-1: Ball 2-1: Swinging Strike 2-2: Foul Ball, location: 2F 2-2: Ball 3-2: Foul Ball, location: 2F 3-2: Base on Balls
|
|
Batting: RHB Chad Stady
|
0-0: Ball Peter Frankel steals 2nd, throwing error, E2 Peter Frankel to third 1-0: Fly out, F8 (Flyball, 89M, EV 80.6 MPH)
|
| Top of the 4th over - 2 runs, 2 hits, 1 error, 1 left on base; Calgary 3 - Miami Beach 2 |
| BOTTOM OF THE 4TH |
|
Miami Beach Marlins batting - Pitching for Calgary Flames : RHP Nick Munk
|
|
Batting: RHB Torquato Uso
|
0-0: Swinging Strike 0-1: Ball 1-1: Ball 2-1: TRIPLE (Flyball, 89XD, EV 91.9 MPH)
|
|
Batting: SHB Emmet Brickowski
|
0-0: Swinging Strike 0-1: Ball 1-1: Ball 2-1: Ball 3-1: Foul Ball, location: 2F 3-2: Foul Ball, location: 2F 3-2: Fly out, F9 (Flyball, 9S, EV 91.2 MPH) Runner from 3rd tags up, OUT at HOME! 9-2
|
|
Batting: RHB Orlando Melendres
|
0-0: SINGLE (Groundball, 34D, EV 96.9 MPH)
|
|
Batting: RHB Josh Jones
|
0-0: Ball 1-0: Ground out U3 (Groundball, 3S, EV 70.6 MPH)
|
| Bottom of the 4th over - 0 runs, 2 hits, 0 errors, 1 left on base; Calgary 3 - Miami Beach 2 |
| TOP OF THE 5TH |
|
Calgary Flames batting - Pitching for Miami Beach Marlins : RHP Jamie Rappoport
|
|
Batting: RHB Tyler Johnson
|
0-0: Ball 1-0: Ball 2-0: Swinging Strike 2-1: SINGLE (Groundball, 6D, EV 111.2 MPH)
|
|
Batting: RHB Juan Mercado
|
0-0: Ball 1-0: Foul Ball, location: 2F 1-1: Called Strike 1-2: Ball 2-2: SINGLE (Line Drive, 8LS, EV 107.5 MPH) Tyler Johnson to second
|
|
Batting: LHB Garrett Dodge
|
0-0: Ball 1-0: Ball 2-0: Called Strike 2-1: Fielders Choice at 2nd, 6-4 (Groundball, 6, EV 81.9 MPH) Tyler Johnson to third
|
|
Batting: RHB Andre Thompson
|
0-0: Called Strike Garrett Dodge is caught stealing 2nd base 2-4 0-1: Swinging Strike 0-2: Strikes out swinging
|
| Top of the 5th over - 0 runs, 2 hits, 0 errors, 1 left on base; Calgary 3 - Miami Beach 2 |
| BOTTOM OF THE 5TH |
|
Miami Beach Marlins batting - Pitching for Calgary Flames : RHP Nick Munk
|
|
Batting: RHB Chris Harlow
|
0-0: Foul Ball, location: 2F 0-1: Swinging Strike 0-2: Ball 1-2: Foul Ball, location: 2F 1-2: Strikes out looking
|
|
Batting: LHB Henry Huezo
|
0-0: Ball 1-0: Swinging Strike 1-1: Swinging Strike 1-2: Foul Ball, location: 2F 1-2: Strikes out swinging
|
|
Batting: RHB Hektor Luvian
|
0-0: Called Strike 0-1: Called Strike 0-2: Foul Ball, location: 2F 0-2: Foul Ball, location: 2F 0-2: Foul Ball, location: 2F 0-2: Foul Ball, location: 2F 0-2: Strikes out swinging
|
| Bottom of the 5th over - 0 runs, 0 hits, 0 errors, 0 left on base; Calgary 3 - Miami Beach 2 |
| TOP OF THE 6TH |
|
Calgary Flames batting - Pitching for Miami Beach Marlins : RHP Jamie Rappoport
|
|
Batting: RHB Norinaga Yamakawakamatsu
|
0-0: Ball 1-0: Ball 2-0: Ball 3-0: Base on Balls
|
|
Batting: LHB Gary Corrales
|
0-0: Called Strike 0-1: Foul Ball, location: 2F 0-2: Strikes out swinging
|
|
Batting: LHB Ben Landry
|
0-0: Ball 1-0: Called Strike 1-1: Ball 2-1: Swinging Strike 2-2: Foul Ball, location: 2F 2-2: Strikes out swinging
|
|
Batting: RHB Peter Frankel
|
0-0: Ball 1-0: Called Strike 1-1: Foul Ball, location: 2F 1-2: Strikes out swinging
|
| Top of the 6th over - 0 runs, 0 hits, 0 errors, 1 left on base; Calgary 3 - Miami Beach 2 |
| BOTTOM OF THE 6TH |
|
Miami Beach Marlins batting - Pitching for Calgary Flames : RHP Nick Munk
|
|
Batting: LHB Luis Ortegon
|
0-0: Called Strike 0-1: SINGLE (Line Drive, 6M, EV 95.6 MPH)
|
|
Batting: RHB Corbin Chauvin
|
0-0: SINGLE (Line Drive, 78S, EV 100.6 MPH) Luis Ortegon to second
|
|
Batting: RHB Torquato Uso
|
0-0: Ball 1-0: Ball 2-0: Ball 3-0: Base on Balls Luis Ortegon to third Corbin Chauvin to second
|
|
Batting: SHB Emmet Brickowski
|
0-0: Ball 1-0: Called Strike 1-1: Called Strike 1-2: Strikes out swinging
|
|
Batting: RHB Orlando Melendres
|
0-0: Fly out, F9 (Flyball, 89S, EV 95.6 MPH)
|
|
Batting: RHB Josh Jones
|
0-0: Ball 1-0: Called Strike 1-1: SINGLE (Line Drive, 4MD, EV 105.0 MPH) Luis Ortegon scores Corbin Chauvin to third Torquato Uso to second
|
|
Batting: RHB Chris Harlow
|
0-0: Ground out 1-3 (Groundball, 13S, EV 72.5 MPH)
|
| Bottom of the 6th over - 1 run, 3 hits, 0 errors, 3 left on base; Calgary 3 - Miami Beach 3 |
| TOP OF THE 7TH |
|
Calgary Flames batting - Pitching for Miami Beach Marlins : RHP Jamie Rappoport
|
|
Batting: RHB Chad Stady
|
0-0: Called Strike 0-1: Foul Ball, location: 2F 0-2: Fly out, F7 (Flyball, 7, EV 92.5 MPH)
|
|
Pitching: RHP Freddie Robe
|
|
|
Batting: RHB Tyler Johnson
|
0-0: Hit by Pitch
|
|
Batting: RHB Alejandro Patron
|
0-0: Called Strike 0-1: Fly out, F8 (Flyball, 8RD, EV 99.4 MPH)
|
|
Pinch Hitting: RHB Andy Thomas
|
0-0: Called Strike 0-1: Foul Ball, location: 2F 0-2: Foul Ball, location: 2F 0-2: Foul Ball, location: 2F 0-2: Fly out, F9 (Flyball, 9, EV 93.8 MPH)
|
| Top of the 7th over - 0 runs, 0 hits, 0 errors, 1 left on base; Calgary 3 - Miami Beach 3 |
| BOTTOM OF THE 7TH |
|
Miami Beach Marlins batting - Pitching for Calgary Flames : RHP Nick Munk
|
|
Now in RF: Antonio Martinez
|
|
|
Batting: LHB Henry Huezo
|
0-0: Ball 1-0: Ball 2-0: Ball 3-0: Base on Balls
|
|
Batting: RHB Hektor Luvian
|
0-0: Grounds into double play, 6-4-3 (Groundball, 6S, EV 91.2 MPH)
|
|
Batting: LHB Luis Ortegon
|
0-0: Foul Ball, location: 2F 0-1: Ground out U3 (Groundball, 3S, EV 65.6 MPH)
|
| Bottom of the 7th over - 0 runs, 0 hits, 0 errors, 0 left on base; Calgary 3 - Miami Beach 3 |
| TOP OF THE 8TH |
|
Calgary Flames batting - Pitching for Miami Beach Marlins : RHP Freddie Robe
|
|
Pinch Hitting: RHB Ahmed Elezi
|
0-0: Called Strike 0-1: Ball 1-1: Called Strike 1-2: Strikes out swinging
|
|
Batting: RHB Norinaga Yamakawakamatsu
|
0-0: Swinging Strike 0-1: Ball 1-1: Swinging Strike 1-2: Ball 2-2: Ball 3-2: Foul Ball, location: 2F 3-2: Base on Balls
|
|
Batting: LHB Gary Corrales
|
0-0: Foul Ball, location: 2F 0-1: Ball 1-1: Foul Ball, location: 2F 1-2: Ball 2-2: Ball 3-2: Foul Ball, location: 2F Pickoff Throw to First - Out! 1-3 3-2: Base on Balls
|
|
Pitching: LHP Matt Rielly
|
|
|
Batting: LHB Ben Landry
|
0-0: Ball 1-0: Called Strike 1-1: Ball 2-1: Ball 3-1: Foul Ball, location: 2F 3-2: Base on Balls Gary Corrales to second
|
|
Pinch Runner at 2nd Pablo Henriquez:
|
|
|
Batting: RHB Peter Frankel
|
0-0: Foul Ball, location: 2F 0-1: Ball 1-1: Foul Ball, location: 2F 1-2: Ball 2-2: Ball 3-2: Base on Balls Pablo Henriquez to third Ben Landry to second
|
|
Pinch Hitting: RHB Willie Torres
|
0-0: Fly out, F9 (Line Drive, 9D, EV 86.9 MPH)
|
| Top of the 8th over - 0 runs, 0 hits, 0 errors, 3 left on base; Calgary 3 - Miami Beach 3 |
| BOTTOM OF THE 8TH |
|
Miami Beach Marlins batting - Pitching for Calgary Flames : RHP Nick Munk
|
|
Now at C: Rod Johnson
|
|
|
Now at 2B: Pablo Henriquez
|
|
|
Now in LF: Mick Vaught
|
|
|
Batting: RHB Corbin Chauvin
|
0-0: SINGLE (Groundball, 56D, EV 100.6 MPH)
|
|
Pinch Runner at 1st Francisco Valenzuela:
|
|
|
Batting: RHB Torquato Uso
|
0-0: Called Strike Francisco Valenzuela steals 2nd base (no throw) 0-1: Ball 1-1: Ball 2-1: Swinging Strike 2-2: SINGLE (Line Drive, 56D, EV 96.9 MPH) Francisco Valenzuela to third
|
|
Batting: SHB Emmet Brickowski
|
0-0: 3-RUN HOME RUN (Flyball, 7D, EV 99.4 MPH), Distance : 394 ft
|
|
Pitching: RHP Jarrod Boncek
|
|
|
Batting: RHB Orlando Melendres
|
0-0: Ball 1-0: Ball 2-0: Swinging Strike 2-1: Ball 3-1: Called Strike 3-2: Base on Balls
|
|
Batting: RHB Josh Jones
|
0-0: Ball 1-0: Foul Ball, location: 2F 1-1: Called Strike 1-2: Ball 2-2: Foul Ball, location: 2F 2-2: Strikes out swinging
|
|
Batting: RHB Chris Harlow
|
0-0: Ball 1-0: Called Strike 1-1: Ball Wild Pitch! Orlando Melendres to second 2-1: Foul Ball, location: 2F 2-2: Ball 3-2: SINGLE (Groundball, 6M, EV 98.1 MPH) Orlando Melendres to third
|
|
Batting: LHB Henry Huezo
|
0-0: Ball 1-0: Ball 2-0: Ball 3-0: Called Strike 3-1: Foul Ball, location: 2F 3-2: Strikes out looking
|
|
Batting: RHB Hektor Luvian
|
0-0: Fielders Choice at 2nd, 6-4 (Groundball, 56, EV 92.5 MPH)
|
| Bottom of the 8th over - 3 runs, 4 hits, 0 errors, 2 left on base; Calgary 3 - Miami Beach 6 |
| TOP OF THE 9TH |
|
Calgary Flames batting - Pitching for Miami Beach Marlins : LHP Matt Rielly
|
|
Batting: RHB Tyler Johnson
|
0-0: Ball 1-0: Fly out, F8 (Line Drive, 8LM, EV 90.0 MPH)
|
|
Batting: RHB Alejandro Patron
|
0-0: Foul Ball, location: 2F 0-1: Fly out, F4 (Popup, 23, EV 87.5 MPH)
|
|
Batting: RHB Antonio Martinez
|
0-0: Foul Ball, location: 2F 0-1: Called Strike 0-2: Ball 1-2: Foul Ball, location: 2F 1-2: Ground out U3 (Groundball, 34, EV 83.8 MPH)
|
| Top of the 9th over - 0 runs, 0 hits, 0 errors, 0 left on base; Calgary 3 - Miami Beach 6 |
|